 Dungeon Crawl Stone Soup version 0.23-a0-274-g77505739ee (webtiles) character file.

481 Henning the Shield-Bearer (level 7, 0/59 HPs)
             Began as a Gnoll Fighter on Oct 2, 2018.
             Slain by a thrashing horror (12 damage)
             ... on level 1 of the Abyss.
             The game lasted 00:07:56 (3449 turns).

Henning the Shield-Bearer (Gnoll Fighter)           Turns: 3449, Time: 00:07:57

Health: 0/59       AC: 10    Str: 18    XL:     7   Next: 12%
Magic:  10/10      EV:  9    Int: 15    God:
Gold:   180        SH:  0    Dex: 17    Spells: 10/10 levels left

rFire    + . .     SeeInvis .   a - +1 flail
rCold    + . .     Gourm    .   c - +0 shield
rNeg     . . .     Faith    .   l - +0 chain mail
rPois    +         Spirit   .   (no helmet)
rElec    +         Reflect  .   (no cloak)
rCorr    +         Harm     +   (no gloves)
MR       .....                  (no boots)
Stlth    ..........             m - amulet of harm
HPRegen  0.00/turn              n - +2 ring of evasion
MPRegen  0.12/turn              o - ring of resist corrosion

@: confused, brilliant, resistant, afraid, non-regenerating, mildly diseased
A: distributed training, fangs 1, strong nose
a: no special abilities


You were on level 1 of the Abyss.
You were not hungry.

You visited 1 branch of the dungeon, and saw 4 of its levels.
You visited the Abyss 1 time.

You collected 180 gold pieces.

Inventory:

Hand Weapons
 a - a +1 flail (weapon)
 s - a +1 whip of venom
 w - a +2 battleaxe of draining
Armour
 c - a +0 shield (worn)
 l - a +0 chain mail (worn)
Jewellery
 e - an uncursed ring of magical power {unknown}
 m - an amulet of harm (around neck)
 n - a +2 ring of evasion (left hand)
 o - a ring of resist corrosion (right hand)
 r - an uncursed amulet of the gourmand
 t - an uncursed amulet of magic regeneration
Scrolls
 g - 2 scrolls of random uselessness
 i - 3 scrolls of teleportation
 j - 2 scrolls of amnesia
 k - a scroll of magic mapping {unknown}
 q - 3 scrolls of identify
 v - a scroll of blinking {unknown}
Potions
 d - a potion of might
 h - a potion of agility
 p - 3 potions of curing
 u - a potion of resistance
Comestibles
 f - 9 rations


   Skills:
 + Level 6.9 Fighting
 + Level 2.2 Short Blades
 + Level 2.2 Long Blades
 + Level 2.2 Axes
 + Level 5.1 Maces & Flails
 + Level 2.2 Polearms
 + Level 2.2 Staves
 + Level 2.2 Slings
 + Level 2.2 Bows
 + Level 2.2 Crossbows
 + Level 2.2 Throwing
 + Level 6.9 Armour
 + Level 2.2 Dodging
 + Level 2.2 Stealth
 + Level 6.9 Shields
 + Level 2.2 Unarmed Combat
 + Level 2.2 Spellcasting
 + Level 1.8 Conjurations
 + Level 1.8 Hexes
 + Level 1.8 Charms
 + Level 1.8 Summonings
 + Level 1.8 Necromancy
 + Level 1.8 Translocations
 + Level 1.8 Transmutations
 + Level 1.8 Fire Magic
 + Level 1.8 Ice Magic
 + Level 1.8 Air Magic
 + Level 1.8 Earth Magic
 + Level 1.8 Poison Magic
 + Level 2.5 Invocations
 + Level 2.2 Evocations


You had 10 spell levels left.
You didn't know any spells.
Your spell library was empty.

Dungeon Overview and Level Annotations

Branches:
Dungeon (4/15)
 Temple: D:4-7

Altars:

Annotations:
D:4 terminal's ghost, amateur MiFi


Innate Abilities, Weirdness & Mutations

Your experience applies equally to all skills.
You have very sharp teeth.
Your uncanny sense of smell can sniff out nearby items.


Message History

The glowing orange brain pulsates ominously.
The insubstantial wisp closely misses you.
You feel much better.
The thrashing horror roars!
The thrashing horror tramples you!
* * * LOW HITPOINT WARNING * * *
You hold your ground!
The thrashing horror tramples you.
* * * LOW HITPOINT WARNING * * *
You hold your ground!
The insubstantial wisp thrums sharply.
You are struck by lightning.
You resist.
* * * LOW HITPOINT WARNING * * *
The lightning arcs!
Sorry, you're not good enough to have a special ability.
Sorry, you're not good enough to have a special ability.
It was a potion of brilliance.
You feel clever all of a sudden.
The thrashing horror roars!
The thrashing horror tramples you!
You die...

∆ #####... #. ## . .#
#..#..#.... #.. #> .#
.....##. # ... .#
.#### ....#.# #.##.#
..#. ..#..#.# ..
...#.###.#... .##..#
#...#....##.#.#......#
#..v#x##.......##.#
#@G..#..#.##...##
##X..#...#.# . #
#.....#...## .. .
#.#....##... .# #
###.......#..#.. #
##..... ##. ##.# ...#
....#. . .## #.....
..# #. #..##..# #


You could see a glowing orange brain, an ancient zyme, a thrashing horror and an
insubstantial wisp.

Vanquished Creatures
  A scorpion (D:4)
  An orc priest (D:4)
  An orc wizard (D:3)
  A bullfrog skeleton (D:4)
  An iguana (D:4)
  4 worker ants (D:4)
  4 gnolls (D:3)
  9 adders
  An ooze (D:4)
  2 worms
  3 dart slugs (D:1)
  6 orcs
  A ball python (D:2)
  3 giant cockroaches
  12 goblins
  8 hobgoblins
  6 jackals (D:4)
  4 kobolds
  2 quokkas
  12 bats
  A frilled lizard (D:2)
  A leopard gecko skeleton (D:4)
  9 rats
93 creatures vanquished.

Notes
Turn   | Place    | Note
-------+----------+-------------------------------------------
     0 | D:1      | Henning the Gnoll Fighter began the quest for the Orb.
     0 | D:1      | Reached XP level 1. HP: 23/23 MP: 1/1
   187 | D:1      | Reached XP level 2. HP: 29/29 MP: 2/2
   343 | D:1      | Reached XP level 3. HP: 34/35 MP: 3/3
   597 | D:2      | Reached skill level 1 in Invocations
   696 | D:2      | Reached skill level 1 in Short Blades
   696 | D:2      | Reached skill level 1 in Long Blades
   696 | D:2      | Reached skill level 1 in Axes
   696 | D:2      | Reached skill level 1 in Polearms
   696 | D:2      | Reached skill level 1 in Staves
   696 | D:2      | Reached skill level 1 in Slings
   696 | D:2      | Reached skill level 1 in Bows
   696 | D:2      | Reached skill level 1 in Crossbows
   696 | D:2      | Reached skill level 1 in Throwing
   696 | D:2      | Reached skill level 1 in Dodging
   696 | D:2      | Reached skill level 1 in Stealth
   696 | D:2      | Reached skill level 1 in Unarmed Combat
   696 | D:2      | Reached skill level 1 in Spellcasting
   696 | D:2      | Reached skill level 1 in Evocations
   701 | D:2      | Reached XP level 4. HP: 38/41 MP: 5/5
   905 | D:2      | Reached skill level 1 in Conjurations
   905 | D:2      | Reached skill level 1 in Hexes
   905 | D:2      | Reached skill level 1 in Charms
   905 | D:2      | Reached skill level 1 in Summonings
   905 | D:2      | Reached skill level 1 in Necromancy
   905 | D:2      | Reached skill level 1 in Translocations
   905 | D:2      | Reached skill level 1 in Transmutations
   905 | D:2      | Reached skill level 1 in Fire Magic
   905 | D:2      | Reached skill level 1 in Ice Magic
   905 | D:2      | Reached skill level 1 in Air Magic
   905 | D:2      | Reached skill level 1 in Earth Magic
   905 | D:2      | Reached skill level 1 in Poison Magic
  1305 | D:3      | Reached XP level 5. HP: 41/47 MP: 6/6
  2032 | D:4      | Reached XP level 6. HP: 53/53 MP: 8/8
  2148 | D:4      | Reached skill level 5 in Maces & Flails
  2319 | D:4      | Found a runed door.
  2369 | D:4      | Noticed terminal's ghost (amateur MiFi)
  2870 | D:4      | Reached XP level 7. HP: 59/59 MP: 10/10
  3360 | D:4      | Cast into level 1 of the Abyss (terminal's ghost)
  3426 | Abyss:1  | Noticed a thrashing horror
  3432 | Abyss:1  | Noticed a glowing orange brain
  3434 | Abyss:1  | Noticed an ancient zyme
  3442 | Abyss:1  | Noticed an insubstantial wisp
  3449 | Abyss:1  | Slain by a thrashing horror

Vault maps used:
D:1:      sevenhm_arrival_forest_fort_small_6, st_stairs_4
D:2:      first_ration, serial_forest, infiniplex_forest_straight_4,
          infiniplex_forest_lined_1, infiniplex_forest_lined_room_2,
          infiniplex_forest_straight_3
D:3:      minmay_door_path
D:4:      hellmonk_ghost_happy_afterlife
Abyss:1:  lemuel_firewalk_3, abyss_greek_temple

Skill      XL: |  1  2  3  4  5  6 |
---------------+-------------------+-----
Invocations    | 1 2 |  2.5
Short Blades   | 1 2 |  2.2
Long Blades    | 1 2 |  2.2
Axes           | 1 2 |  2.2
Polearms       | 1 2 |  2.2
Staves         | 1 2 |  2.2
Slings         | 1 2 |  2.2
Bows           | 1 2 |  2.2
Crossbows      | 1 2 |  2.2
Throwing       | 1 2 |  2.2
Dodging        | 1 2 |  2.2
Stealth        | 1 2 |  2.2
Unarmed Combat | 1 2 |  2.2
Spellcasting   | 1 2 |  2.2
Evocations     | 1 2 |  2.2
Conjurations   | 1 |  1.8
Hexes          | 1 |  1.8
Charms         | 1 |  1.8
Summonings     | 1 |  1.8
Necromancy     | 1 |  1.8
Translocations | 1 |  1.8
Transmutations | 1 |  1.8
Fire Magic     | 1 |  1.8
Ice Magic      | 1 |  1.8
Air Magic      | 1 |  1.8
Earth Magic    | 1 |  1.8
Poison Magic   | 1 |  1.8
Maces & Flails | 5 |  5.1
Fighting       | |  6.9
Armour         | |  6.9
Shields        | |  6.9

Action                   |  1- 3 |  4- 6 |  7- 9 || total
-------------------------+-------+-------+-------++-------
Melee: Flail             |   100 |   171 |    14 ||   285
       Bite              |    14 |    31 |     3 ||    48
  Use: Scroll            |       |    12 |       ||    12
       Potion            |       |       |     4 ||     4
  Eat: Chunk             |       |     7 |     1 ||     8
Armor: Scale mail        |    10 |       |       ||    10
       Chain mail        |    23 |    83 |    20 ||   126
Dodge: Dodged            |    29 |    47 |    13 ||    89
Block: Shield            |    66 |   102 |     6 ||   174

Table legend:
 A = Non-vault XP
 B = Vault XP
 C = Vault XP percentage of total XP
 D = Non-vault monster count
 E = Vault monster count
 F = Vault count percentage of total count
                 A         B        C        D         E       F
            +---------+---------+-------+---------+---------+-------
      Total |     681 |       7 |   1.0 |      88 |       5 |   5.4
            +---------+---------+-------+---------+---------+-------
        D:1 |      40 |       4 |   9.1 |      21 |       3 |  12.5
        D:2 |      98 |       0 |   0.0 |      23 |       0 |   0.0
        D:3 |     168 |       3 |   1.8 |      22 |       2 |   8.3
        D:4 |     375 |       0 |   0.0 |      22 |       0 |   0.0
            +---------+---------+-------+---------+---------+-------
